 Dungeon Crawl Stone Soup version 0.26-a0-651-gb41185065b (webtiles) character file.

Game seed: 2355522010031173816

98302 gbos the Severer (level 16, -4/152 HPs)
             Began as a Hill Orc Monk on Oct 19, 2020.
             Was a High Priest of Beogh.
             Slain by an entropy weaver (5 damage)
             ... on level 3 of the Spider Nest.
             The game lasted 01:36:33 (35784 turns).

gbos the Severer (Hill Orc Monk)                   Turns: 35784, Time: 01:36:33

Health: -4/152     AC: -2    Str: 12    XL:     16   Next: 22%
Magic:  28/28      EV: 10    Int: 14    God:    Beogh [*****.]
Gold:   2563       SH: 11    Dex: 13    Spells: 15/15 levels left

rFire    + . .     SeeInvis +   x - +7 war axe of the Eleven Xenophobes {flame, rPois rC+ SInv}
rCold    + + +     Faith    +   J - +2 kite shield {reflect}
rNeg     . . .     Spirit   .   C - +2 chain mail {rC+}
rPois    +         Reflect  +   U - +1 hat {MR+}
rElec    +         Harm     .   m - scarf {rC+ rF+}
rCorr    .         Rampage  .   M - +2 pair of gloves
MR       ++++.                  d - +0 pair of boots
Stlth    ..........             q - amulet of faith
HPRegen  0.35/turn              a - +4 ring of evasion
MPRegen  0.21/turn              b - ring of Winter {rElec MR++ Str-5 Stlth+}

@: corroded
A: walk on water
a: Smiting, Recall Orcish Followers, Give Item to Named Follower, Renounce
Religion


You were on level 3 of the Spider Nest.
You worshipped Beogh.
Beogh was extremely pleased with you.
You visited 5 branches of the dungeon, and saw 27 of its levels.
You also visited: Ice Cave and Volcano.

You collected 3414 gold pieces.
You spent 851 gold pieces at shops.


   Skills:
 + Level 16.6 Fighting
 - Level 17.0 Axes
 + Level 15.2 Armour
 - Level 2.4 Dodging
 - Level 1.5 Stealth
 * Level 6.5 Shields
 + Level 17.0 Invocations


You had 15 spell levels left.
You didn't know any spells.
Your spell library contained the following spells:

 Spells                   Type           Power        Failure   Level
 Animate Skeleton         Necr           #.....       100%        1
 Apportation              Tloc           #.....       100%        1
 Beastly Appendage        Tmut           #.....       100%        1
 Corona                   Hex            #......      100%        1
 Freeze                   Ice            #...         100%        1
 Magic Dart               Conj           #...         100%        1
 Summon Small Mammal      Summ           #...         100%        1
 Blink                    Tloc           N/A          100%        2
 Call Imp                 Summ           #.......     100%        2
 Slow                     Hex            #.......     100%        2
 Wereblood                Tmut           #.......     100%        2
 Conjure Flame            Conj/Fire      #.......     100%        3
 Frozen Ramparts          Ice            #.....       100%        3
 Mephitic Cloud           Conj/Pois/Air  #.......     100%        3
 Ozocubu's Armour         Ice            #.......     100%        3
 Spider Form              Tmut/Pois      #.........   100%        3
 Hailstorm                Conj/Ice       #.......     100%        4
 Ice Form                 Ice/Tmut       #.......     100%        4
 Summon Ice Beast         Ice/Summ       #.......     100%        4
 Blade Hands              Tmut           #.........   100%        5

Inventory:

Hand Weapons
 g - the +7 mace of Diuthiz {flame, rPois Int+2}

   It has been specially enchanted to burn those struck by it, causing extra
   injury to most foes and up to half again as much damage against particularly
   susceptible opponents.
   It affects your intelligence (+2).
   It protects you from poison.
 t - a +1 executioner's axe of electrocution
 x - the +7 war axe of the Eleven Xenophobes (weapon) {flame, rPois rC+ SInv}

   It has been specially enchanted to burn those struck by it, causing extra
   injury to most foes and up to half again as much damage against particularly
   susceptible opponents.
   Big, fiery blades are also staple armaments of hydra-hunters.
   It protects you from cold.
   It protects you from poison.
   It lets you see invisible.
 D - a +1 longbow of flaming
 L - a +0 broad axe
Missiles
 s - 3 throwing nets {=f}
 G - 15 javelins (quivered)
Armour
 d - a +0 pair of boots (worn)
 m - a scarf of resistance (worn)
 y - the +4 kite shield of Circular Logic {Int+2}

   It affects your intelligence (+2).
 C - a +2 chain mail of cold resistance (worn)
 J - a +2 kite shield of reflection (worn)
 M - a +2 pair of gloves (worn)
 U - a +1 hat of magic resistance (worn)
Jewellery
 a - a +4 ring of evasion (left hand)
 b - the ring of Winter (right hand) {rElec MR++ Str-5 Stlth+}

   [ring of stealth]

   It affects your strength (-5).
   It insulates you from electricity.
   It affects your resistance to hostile enchantments.
   It makes you more stealthy.
 j - an uncursed amulet of reflection
 n - an uncursed ring of protection from fire
 q - an amulet of faith (around neck)
 H - a +6 ring of strength
 T - a +4 ring of slaying
Wands
 h - a wand of disintegration (41)
 A - a wand of iceblast (36)
 O - a wand of paralysis (12)
 Q - a wand of acid (18)
Scrolls
 i - 2 scrolls of enchant weapon
 p - 4 scrolls of immolation {!r}
 r - 4 scrolls of teleportation {@r4}
 v - 4 scrolls of enchant armour
 w - a scroll of summoning
 z - 7 scrolls of blinking
 I - 3 scrolls of fear
 K - a scroll of fog
 P - a scroll of torment {!r}
 R - 3 scrolls of holy word
 S - 10 scrolls of identify {@r1}
 Y - 8 scrolls of magic mapping
 Z - 7 scrolls of remove curse
Potions
 c - 3 potions of mutation {!q}
 f - 6 potions of ambrosia
 k - 5 potions of curing {@q1}
 l - 4 potions of lignification {!q}
 o - 4 potions of brilliance
 B - 2 potions of invisibility
 E - 5 potions of berserk rage {!q}
 F - 2 potions of resistance
 N - a potion of cancellation
 V - 3 potions of magic
 X - 2 potions of haste {@q3}

Dungeon Overview and Level Annotations

Branches:
Dungeon (15/15)            Temple (0/1) D:4            Lair (6/6) D:10
 Shoals (1/4) Lair:3       Spider (3/4) Lair:2        Slime (0/5) Lair:5
    Orc (2/2) D:12            Elf (0/3) Orc:2        Vaults (0/5) D:14
 Depths (0/5) D:15          IceCv (visited)         Volcano (visited)

Altars:
Dithmenos
Gozag
Okawaru
Qazlal
Sif Muna
Trog
Uskayaw
The Shining One
Beogh
Jiyva

Shops:
D:13 *   Orc:2 }[====(

Annotations:
D:5 2 runed translucent doors, Flugslaktarn's ghost, novice DDFi
D:11 2 transporters, Zaulaxt's ghost, journeyman MiFi

... ≈ ▒▒▒..^ .. ▒.
...▒▒. ▒.
▒▒...≈▒▒▒▒≈▒▒^... . ▒
▒...▒≈ ..▒▒.▒▒^.▒▒▒ ..▒.
▒≈▒..▒▒▒.......^.≈<
▒....▒.▒.^▒.▒.^.▒....▒▒.
^.....Bo..▒^..▒ ▒.▒^....
▒.^Boo.....▒▒▒≈▒...^▒
.....▒▒▒▒^..▒....▒≈▒▒▒[.
... ▒[†...▒▒▒.†▒▒▒^.▒▒▒
[ ▒..†.▒..^▒......▒▒..
▒....▒▒.▒...▒▒...†.....
▒▒.. ▒▒▒▒(.^▒..▒▒.....
▒.. ..▒▒...▒^▒.▒. ..
...▒▒^.▒▒▒▒▒▒ . ▒.^.▒...


You could see an entropy weaver (fast), a demonic crawler, a friendly orc knight
and the friendly Urug (strong).


Message History

The entropy weaver hits you.
* * * LOW HITPOINT WARNING * * *
Urug hits the entropy weaver from afar with a +1 trident of flaming!
Urug burns the entropy weaver.
The demonic crawler misses you. You block the demonic crawler's attack.
The demonic crawler hits you!
* * * LOW HITPOINT WARNING * * *
Your orc knight barely misses the entropy weaver.
Your orc knight barely misses the demonic crawler.
You hit the entropy weaver but do no damage.
The entropy weaver is almost dead.
You hit the demonic crawler. You burn the demonic crawler.
The entropy weaver hits you.
* * * LOW HITPOINT WARNING * * *
The entropy weaver hits you!
* * * LOW HITPOINT WARNING * * *
The entropy weaver misses you. You block the entropy weaver's attack.
The demonic crawler barely misses you. The demonic crawler hits you.
* * * LOW HITPOINT WARNING * * *
The demonic crawler hits you!
* * * LOW HITPOINT WARNING * * *
Urug barely misses the entropy weaver.
The entropy weaver hits you.
* * * LOW HITPOINT WARNING * * *
The entropy weaver hits you.
You die...

Action                   |  1- 3 |  4- 6 |  7- 9 | 10-12 | 13-15 | 16-18 || total
-------------------------+-------+-------+-------+-------+-------+-------++-------
Melee: Hand axe          |   132 |   177 |   121 |       |       |       ||   430
       Mace              |       |       |    99 |   155 |       |       ||   254
       War axe           |       |       |       |   158 |   704 |    58 ||   920
       Unarmed           |       |       |       |       |    46 |       ||    46
Throw: Dart              |    10 |    18 |     6 |       |       |       ||    34
       Javelin           |       |       |     8 |     2 |     2 |       ||    12
Invok: Convert to Beogh  |       |     1 |       |       |       |       ||     1
       Smiting           |       |       |       |     6 |    16 |    10 ||    32
       Recall Orcish Fol |       |       |       |       |    14 |     1 ||    15
       Stop Recall       |       |       |       |       |    11 |     1 ||    12
       Give Item to Name |       |       |       |       |     4 |       ||     4
Evoke: Wand              |       |     3 |     3 |    10 |       |       ||    16
  Use: Scroll            |     2 |       |     9 |    13 |    12 |       ||    36
       Potion            |       |       |       |     9 |    10 |     5 ||    24
 Stab: Sleeping          |     2 |     1 |     1 |       |       |       ||     4
       Distracted        |       |       |       |     2 |     6 |       ||     8
Armor: Robe              |    15 |       |       |       |       |       ||    15
       Leather armour    |    12 |       |       |       |       |       ||    12
       Ring mail         |    10 |    54 |    82 |    82 |     9 |       ||   237
       Chain mail        |       |       |       |       |   494 |    58 ||   552
Dodge: Dodged            |   105 |   104 |   102 |   178 |   448 |    46 ||   983
Block: Other             |       |       |    22 |    60 |   143 |       ||   225
       Reflection        |       |       |       |     2 |    31 |       ||    33
       Kite shield       |       |       |       |       |   241 |    58 ||   299

Levels and vault maps discovered:
D:1:      tarquinn_simple_flora_water_a, layout_loops_cross
D:2:      layout_basic, uniq_robin
D:3:      layout_basic, uniq_ijyb
D:4:      layout_cave_pods, kennysheep_mini, minmay_temple_entry_glass
D:5:      layout_loops_ring, ebering_ghost_sewer_f, minmay_door_square
D:6:      layout_gridville
D:7:      layout_basic, uniq_menkaure
D:8:      layout_basic, minmay_fractal_squares_5
D:9:      layout_loops_ring, grunt_temple_overflow_open, basic_altar
D:10:     layout_roguey, grunt_lair_entry_orc_guard_hut, uniq_psyche
D:11:     regret_index_tunnel_blossom, layout_cross, gammafunk_ghost_stat_death,
          uniq_gastronok, uniq_nergalle
D:12:     layout_basic, hiddenorc2_lemuel, minmay_misc_feat_five, uniq_kirke
D:13:     layout_loops_ring, nicolae_gozag_zags_fifth_avenue, uniq_urug,
          uniq_jorgrun
D:14:     layout_roguey, david_vaults_4, basic_altar,
          hangedman_little_slice_of_home
D:15:     gammafunk_enter_depths_forms, layout_basic, tso_altar, minivault_4,
          chequers_jeans, dk_noncrumbling_4
Lair:1:   layout_roguey, nicolae_quartered_pool_little, grunt_megastairs_1
Lair:2:   layout_gridlike, spider_nest_entry_webs
Lair:3:   layout_roguey, elwin_shoals_entry_rooms, enter_volcano_4,
          infiniplex_staircase_pool_2
Lair:4:   layout_gridlike, portal_ice_cave_entry_pillars_2
Lair:5:   layout_gridlike, slime_altar_1, basic_altar
Lair:6:   hangedman_lair_in_review, layout_hall_layers,
          guppyfry_lair_end_dragon, st_stairs_11, lemuel_fruit_fields
Shoals:1: layout_shoals
Spider:1: layout_spider_delve, worms_lemuel
Spider:2: layout_spider_delve, nicolae_spider_cling_ruins
Spider:3: layout_spider_delve, drop_trap
Orc:1:    layout_caves, basic_altar
Orc:2:    st_orc_rangers, layout_diamond_mine, serial_shops, shop,
          nicolae_shop_trees, shop, rock_pile, uniq_donald

Notes
Turn   | Place    | Note
-------+----------+-------------------------------------------
     0 | D:1      | gbos the Hill Orc Monk began the quest for the Orb.
     0 | D:1      | Reached XP level 1. HP: 19/19 MP: 1/1
    26 | D:1      | HP: 6/20 [giant cockroach (1)]
   325 | D:1      | Reached XP level 2. HP: 18/27 MP: 2/2
   491 | D:2      | Noticed Robin
   516 | D:2      | HP: 8/27 [poisoned by an adder]
   524 | D:2      | HP: 6/27 [poisoned by an adder]
   532 | D:2      | HP: 5/27 [poisoned by an adder]
   889 | D:1      | Reached skill level 1 in Armour
  1126 | D:1      | Reached skill level 4 in Fighting
  1126 | D:1      | Reached XP level 3. HP: 33/33 MP: 3/3
  1171 | D:1      | Reached skill level 5 in Axes
  1825 | D:3      | Noticed Ijyb
  1845 | D:3      | Killed Ijyb
  1845 | D:3      | Reached XP level 4. HP: 32/41 MP: 4/4
  1930 | D:3      | Reached skill level 2 in Armour
  2463 | D:2      | Killed Robin
  2463 | D:2      | Reached skill level 6 in Axes
  2463 | D:2      | Reached XP level 5. HP: 32/47 MP: 5/5
  2912 | D:6      | Noticed a sky beast
  3393 | D:5      | Entered Level 5 of the Dungeon
  3559 | D:4      | Found a staircase to the Ecumenical Temple.
  3601 | D:4      | HP: 13/47 [iguana (6)]
  3643 | D:4      | HP: 10/47 [iguana (2)]
  3657 | D:4      | HP: 11/47 [iguana (2)]
  3910 | D:4      | Found an iron altar of Okawaru.
  4327 | D:3      | Became a worshipper of Beogh the Brigand
  4327 | D:3      | Reached * piety under Beogh
  4327 | D:3      | Reached ** piety under Beogh
  4614 | D:3      | Reached skill level 5 in Fighting
  4614 | D:3      | Reached XP level 6. HP: 46/56 MP: 6/6
  4937 | D:3      | Reached skill level 7 in Axes
  4937 | D:3      | Reached skill level 3 in Armour
  5625 | D:4      | Reached XP level 7. HP: 57/61 MP: 7/7
  5855 | D:5      | Reached skill level 8 in Axes
  6239 | D:5      | Found a runed translucent door.
  6270 | D:5      | Reached skill level 4 in Armour
  6270 | D:5      | Reached skill level 1 in Invocations
  6424 | D:5      | Found a runed translucent door.
  6425 | D:5      | Noticed Flugslaktarn's ghost (novice DDFi)
  6713 | D:5      | Reached skill level 6 in Fighting
  6713 | D:5      | Reached skill level 2 in Invocations
  6970 | D:5      | Reached XP level 8. HP: 58/70 MP: 9/9
  7037 | D:5      | Reached skill level 9 in Axes
  7376 | D:6      | Reached skill level 3 in Invocations
  7683 | D:7      | Got a steaming mace
  7692 | D:6      | Identified the +7 mace of Diuthiz {flame, rPois Int+2} (You
                  | found it on level 7 of the Dungeon)
  7770 | D:6      | Reached skill level 5 in Armour
  7928 | D:7      | Reached *** piety under Beogh
  7936 | D:7      | HP: 21/71 [orc warrior/+0 flail (10)]
  7938 | D:7      | Reached skill level 10 in Axes
  7938 | D:7      | Reached skill level 4 in Invocations
  7948 | D:7      | Reached skill level 7 in Fighting
  8146 | D:7      | Noticed Menkaure
  8150 | D:7      | Killed Menkaure
  8377 | D:7      | Reached XP level 9. HP: 76/79 MP: 12/12
  8824 | D:7      | Got a transparent quarterstaff
  8825 | D:7      | Identified the cursed +0 quarterstaff "Impslayer" {spect,
                  | Int+3 Dex+4} (You found it on level 7 of the Dungeon)
  8886 | D:8      | Noticed a two-headed ogre
  8891 | D:8      | Killed a two-headed ogre
  8891 | D:8      | Reached skill level 11 in Axes
  8891 | D:8      | Reached skill level 6 in Armour
  8891 | D:8      | Reached skill level 5 in Invocations
  8969 | D:10     | Entered Level 10 of the Dungeon
  8982 | D:10     | Noticed Psyche
  8990 | D:10     | Killed Psyche
  8990 | D:10     | Reached skill level 8 in Fighting
  8990 | D:10     | Reached skill level 6 in Invocations
  9312 | D:8      | Reached skill level 12 in Axes
  9628 | D:8      | Reached **** piety under Beogh
  9649 | D:8      | Reached XP level 10. HP: 90/90 MP: 14/14
  9997 | D:9      | Found a shimmering blue altar of Sif Muna.
 10005 | D:9      | Reached skill level 7 in Armour
 10145 | D:9      | Noticed a two-headed ogre
 10151 | D:9      | Killed a two-headed ogre
 10151 | D:9      | Reached skill level 7 in Invocations
 10345 | D:9      | Reached skill level 9 in Fighting
 10665 | D:9      | Found a shadowy altar of Dithmenos.
 10668 | D:9      | Found a bloodstained altar of Trog.
 10670 | D:9      | Found a hide-covered altar of Uskayaw.
 11588 | D:10     | Reached skill level 13 in Axes
 11607 | D:10     | HP: 23/91 [orc warrior/+0 glaive (21)]
 11616 | D:10     | HP: 22/91 [bullfrog (4)]
 11912 | D:10     | Found a staircase to the Lair.
 12042 | D:10     | Noticed a gargoyle
 12050 | D:10     | Killed a gargoyle
 12050 | D:10     | Reached skill level 8 in Invocations
 12367 | Lair:1   | Entered Level 1 of the Lair of Beasts
 12724 | Lair:1   | Reached skill level 8 in Armour
 12859 | Lair:1   | Reached XP level 11. HP: 87/99 MP: 17/17
 13041 | Lair:1   | Reached skill level 14 in Axes
 13335 | Lair:2   | Noticed a four-headed hydra
 13351 | Lair:2   | HP: 24/99 [four-headed hydra (12)]
 13355 | Lair:2   | Killed a four-headed hydra
 13356 | Lair:2   | Reached skill level 10 in Fighting
 13363 | Lair:2   | HP: 29/99 [yak (10)]
 13365 | Lair:2   | Reached skill level 9 in Invocations
 13745 | Lair:2   | Found a hole to the Spider Nest.
 14005 | Lair:2   | Identified a scarf of resistance (You found it on level 2
                  | of the Lair of Beasts)
 14561 | Lair:3   | Got a masterwork war axe
 14563 | Lair:3   | Identified the +7 war axe of the Eleven Xenophobes {flame,
                  | rPois rC+ SInv} (You found it on level 3 of the Lair of
                  | Beasts)
 14588 | Lair:3   | Reached skill level 9 in Armour
 14667 | Lair:3   | Found a dark tunnel.
 14672 | Volcano  | Entered a volcano
 14885 | Volcano  | Noticed a lindwurm
 14885 | Volcano  | Noticed a lindwurm
 14897 | Volcano  | Reached skill level 15 in Axes
 14899 | Volcano  | HP: 18/101 [molten gargoyle/+0 mace (14)]
 15138 | Volcano  | Killed a lindwurm
 15138 | Volcano  | Reached ***** piety under Beogh
 15141 | Volcano  | Killed a lindwurm
 15164 | Volcano  | Reached skill level 10 in Invocations
 15578 | Lair:3   | Reached XP level 12. HP: 98/108 MP: 19/19
 15642 | Lair:3   | Reached skill level 11 in Fighting
 15822 | Lair:3   | Identified 3 potions of resistance
 15986 | Lair:3   | Found a staircase to the Shoals.
 16274 | Lair:4   | Found a frozen archway.
 16281 | IceCv    | Entered an ice cave
 16300 | IceCv    | Found a transporter.
 16327 | IceCv    | Found a transporter.
 16332 | IceCv    | HP: 29/110 [white ugly thing (7)]
 16338 | IceCv    | HP: 29/110 [ice beast[an ice statue] (4)]
 16340 | IceCv    | Reached skill level 16 in Axes
 16726 | Lair:4   | Reached skill level 10 in Armour
 17223 | Lair:4   | Reached skill level 11 in Invocations
 17258 | Lair:4   | Gained Grimold as an ally
 17274 | Lair:4   | Noticed a seven-headed hydra
 17278 | Lair:4   | Killed a six-headed hydra
 17722 | Lair:5   | Noticed a five-headed hydra
 17728 | Lair:5   | Killed a two-headed hydra
 17896 | Lair:5   | Found a stormy altar of Qazlal.
 17994 | Lair:5   | Found a staircase to the Slime Pits.
 17995 | Lair:5   | Found a viscous altar of Jiyva.
 18339 | Lair:6   | Entered Level 6 of the Lair of Beasts
 18477 | Lair:6   | Reached skill level 12 in Fighting
 18509 | Lair:6   | Noticed an eight-headed hydra
 18509 | Lair:6   | Noticed a death yak
 18515 | Lair:6   | Killed a six-headed hydra
 18516 | Lair:6   | Reached skill level 11 in Armour
 18518 | Lair:6   | Killed a death yak
 18518 | Lair:6   | Reached skill level 12 in Invocations
 18519 | Lair:6   | Noticed a death yak
 18523 | Lair:6   | Killed a death yak
 18523 | Lair:6   | Reached XP level 13. HP: 58/119 MP: 20/22
 19300 | Lair:6   | Reached skill level 13 in Fighting
 19418 | Lair:6   | Reached skill level 13 in Invocations
 19805 | Lair:6   | Reached skill level 12 in Armour
 20549 | D:11     | Noticed Gastronok
 20554 | D:11     | Gained Argrim as an ally
 20576 | D:11     | Killed Gastronok
 20882 | D:11     | Noticed Nergalle
 20892 | D:11     | Killed Nergalle
 20979 | D:11     | Reached skill level 14 in Invocations
 21038 | D:11     | Reached skill level 14 in Fighting
 21045 | D:11     | Found a transporter.
 21073 | D:11     | Noticed Zaulaxt's ghost (journeyman MiFi)
 21096 | D:11     | Found a transporter.
 21218 | D:12     | Reached XP level 14. HP: 118/132 MP: 24/24
 21289 | D:12     | Noticed Kirke
 21315 | D:12     | Killed Kirke
 21315 | D:12     | Reached skill level 13 in Armour
 21599 | D:12     | Identified a scroll of acquirement
 21599 | D:12     | Acquired a +1 executioner's axe of electrocution
 22062 | D:12     | Found a staircase to the Orcish Mines.
 22794 | D:13     | Identified a +2 robe of resistance
 22794 | D:13     | Noticed Jorgrun
 22806 | D:13     | Killed Jorgrun
 22821 | D:13     | Noticed Urug
 23196 | D:13     | Found an opulent altar of Gozag.
 23199 | D:13     | Found Gozag's Platinum Reserve.
 23255 | D:13     | Reached ****** piety under Beogh
 23858 | D:14     | Found an opulent altar of Gozag.
 23942 | D:14     | Reached skill level 15 in Invocations
 24201 | D:14     | Got a bound bone ring
 24204 | D:14     | Identified the ring of Tulips {+Fly rPois} (You found it on
                  | level 14 of the Dungeon)
 24486 | D:14     | Reached skill level 15 in Fighting
 24893 | D:14     | Found a gate to the Vaults.
 24931 | D:15     | Entered Level 15 of the Dungeon
 25662 | D:15     | Reached skill level 14 in Armour
 26061 | D:15     | Reached XP level 15. HP: 123/141 MP: 21/26
 26285 | D:15     | Found a staircase to the Depths.
 26809 | D:15     | Found a glowing golden altar of the Shining One.
 27277 | Lair:6   | Reached skill level 16 in Invocations
 27611 | Shoals:1 | Entered Level 1 of the Shoals
 28605 | Orc:1    | Entered Level 1 of the Orcish Mines
 28685 | Orc:1    | Identified a +1 robe of resistance
 28799 | Orc:2    | Entered Level 2 of the Orcish Mines
 28868 | Orc:1    | Gained Urtork as an ally
 29005 | Orc:1    | Found a roughly hewn altar of Beogh.
 29239 | Orc:2    | Found Nuodutull's Jewellery Emporium.
 29308 | Orc:2    | Found Ufuppaos's Armour Shop.
 29316 | Orc:2    | Reached skill level 16 in Fighting
 30396 | Orc:2    | Found Uwitothre's Gadget Boutique.
 30399 | Orc:2    | Bought the +4 kite shield of Circular Logic {Int+2} for 499
                  | gold pieces
 30536 | Orc:2    | Gained Okrist as an ally
 30744 | Orc:2    | Found a staircase to the Elven Halls.
 30915 | Orc:2    | Found Suladixt's Antique Weapon Emporium.
 30916 | Orc:2    | Found Zujaodull's Jewellery Shop.
 30916 | Orc:2    | Found Geejog's Jewellery Shoppe.
 30921 | Orc:2    | Found Medis's Jewellery Boutique.
 30933 | Orc:2    | Bought the ring of Winter {rElec MR++ Str-5 Stlth+} for 352
                  | gold pieces
 31099 | Orc:2    | Noticed Donald
 31115 | Orc:2    | Killed Donald
 31115 | Orc:2    | Gained Rocco as an ally
 31115 | Orc:2    | Reached skill level 1 in Shields
 32157 | Spider:1 | Entered Level 1 of the Spider Nest
 32252 | Lair:2   | HP: 43/144 [wolf spider (15)]
 32258 | Lair:2   | HP: 37/144 [wolf spider (12)]
 32259 | Lair:2   | Reached skill level 2 in Shields
 32780 | Spider:1 | Reached skill level 17 in Axes
 32783 | Spider:1 | Noticed a ghost moth
 32800 | Spider:1 | Killed a ghost moth
 32800 | Spider:1 | Reached skill level 3 in Shields
 32896 | Spider:1 | Gained Boruk as an ally
 32917 | Spider:1 | Reached skill level 4 in Shields
 33056 | Spider:1 | Your ally Boruk died
 33236 | Spider:1 | Identified the +2 leather armour "Daraimei" {Harm rC+
                  | Str+3}
 33574 | Spider:1 | Reached skill level 5 in Shields
 33575 | Spider:1 | Reached skill level 15 in Armour
 33927 | Spider:1 | Reached XP level 16. HP: 146/152 MP: 28/28
 35331 | Spider:2 | Reached skill level 6 in Shields
 35712 | Spider:3 | Reached skill level 17 in Invocations
 35777 | Spider:3 | HP: 44/152 [entropy weaver (12)]
 35777 | Spider:3 | HP: 17/152 [entropy weaver (8)]
 35783 | Spider:3 | HP: 34/152 [demonic crawler (12)]
 35784 | Spider:3 | HP: 15/152 [demonic crawler (6)]
 35784 | Spider:3 | HP: 6/152 [demonic crawler (9)]
 35784 | Spider:3 | HP: 1/152 [entropy weaver (5)]
 35784 | Spider:3 | Slain by an entropy weaver

Vanquished Creatures
  Jorgrun (D:13)
  Kirke (D:12)
  Donald (Orc:2)
  A ghost moth (Spider:1)
  2 entropy weavers
  An ice dragon (D:13)
  3 hydras
  2 centaur warriors
  A two-headed ogre (Orc:2)
  A death yak (Lair:6)
  A deep elf knight (D:13)
  3 sea snakes
  5 unseen horrors
  A swamp dragon (Lair:6)
  3 lindwurms
  A necromancer (D:14)
  7 harpies
  6 orb spiders
  An orc knight (Orc:2)
  2 orc sorcerers
  8 wolf spiders
  11 ugly things
  A cyclops (D:11)
  5 elephants (Lair:6)
  2 ice statues (IceCv)
  Psyche (D:10)
  4 centaur skeletons
  4 molten gargoyles (Volcano)
  A cane toad (Lair:6)
  A kobold demonologist (D:14)
  A komodo dragon (D:13)
  2 rime drakes (Lair:6)
  3 trolls
  An efreet (Volcano)
  5 jumping spiders
  A meliai (shapeshifter) (D:15)
  A queen bee (D:11)
  5 demonic crawlers
  2 meliai (D:15)
  A wind drake (Shoals:1)
  4 blink frogs
  A hornet (Spider:1)
  A snapping turtle (Lair:3)
  4 hippogriffs
  4 slime creatures
  4 dream sheep (Lair:6)
  18 redbacks
  9 tarantellas
  2 wraiths (D:15)
  3 basilisks
  A golden eye (shapeshifter) (D:14)
  19 yaks
  A steam dragon (Lair:6)
  3 hogs (D:12)
  Menkaure (D:7)
  An acid dragon (Lair:6)
  8 porcupines
  6 water moccasins
  A black bear (D:5)
  3 orc warriors
  5 sky beasts
  A swamp drake (Lair:6)
  7 ice beasts
  13 centaurs
  7 boggarts (D:15)
  8 ogres
  4 crocodiles
  10 bullfrogs
  2 earth elementals (Volcano)
  6 scorpions
  18 killer bees
  An electric eel (D:15)
  9 wights
  2 howler monkeys (D:11)
  4 jellies
  2 hounds (D:5)
  2 bullfrog skeletons
  5 orc priests
  12 orc wizards
  6 worker ants
  Ijyb (D:3)
  3 iguanas
  A hound zombie (D:6)
  Robin (D:2)
  A worker ant zombie (D:11)
  3 gnolls (D:9)
  A howler monkey skeleton (D:7)
  10 adders
  A shadow imp (D:9)
  A white imp (D:5)
  2 oozes (D:14)
  An adder skeleton (D:6)
  2 worms
  A dart slug (D:1)
  5 leopard geckos
  17 orcs
  A ball python (D:4)
  3 giant cockroaches
  12 hobgoblins
  A jackal (D:7)
  3 quokkas
  9 bats
  4 frilled lizards
  11 goblins
  6 kobolds
  A leopard gecko zombie (D:6)
  2 quokka skeletons
  8 rats
434 creatures vanquished.

Vanquished Creatures (collateral kills)
  Gastronok (D:11)
  An entropy weaver (Spider:1)
  A fire dragon (Lair:6)
  3 hydras
  An ice dragon (D:14)
  4 two-headed ogres
  2 death yaks (Lair:6)
  Nergalle (D:11)
  2 lindwurms (Lair:6)
  11 ugly things (D:15)
  6 wolf spiders
  An orb spider (Spider:1)
  4 cyclopes
  A moth of wrath (Spider:2)
  A merfolk siren (Lair:3)
  8 elephants (Lair:6)
  4 black mambas
  2 cane toads
  3 gargoyles
  A centaur zombie (D:11)
  A centaur skeleton (D:14)
  3 torpor snails
  A cane toad (shapeshifter) (D:15)
  A kobold demonologist (D:14)
  5 komodo dragons
  3 demonic crawlers
  3 rime drakes
  5 jumping spiders
  A meliai (D:15)
  A troll (D:15)
  A polar bear (shapeshifter) (D:15)
  5 slime creatures
  2 hornets
  4 blink frogs
  4 hippogriffs
  3 dream sheep (Lair:6)
  25 redbacks
  A wraith (D:11)
  8 tarantellas
  A wyvern (Lair:6)
  30 yaks
  3 hogs (D:12)
  2 basilisks
  A steam dragon (Lair:6)
  2 acid dragons (Lair:6)
  7 water moccasins
  4 porcupines
  A phantom (D:12)
  A black bear (D:10)
  10 orc warriors
  An ice beast (D:15)
  An eye of draining (D:14)
  5 ogres
  An eye of draining (shapeshifter) (D:15)
  8 centaurs
  A wolf (Lair:6)
  7 crocodiles
  A big kobold (D:12)
  6 bullfrogs
  A gnoll sergeant (D:11)
  2 scorpions
  15 killer bees
  2 electric eels
  5 wights
  2 bullfrog zombies
  2 hounds
  4 jellies
  2 orc priests
  2 iguanas
  2 worker ants (D:11)
  A worker ant zombie (D:11)
  3 adders
  A white imp (D:10)
  A howler monkey simulacrum (D:11)
  An ufetubus (D:8)
  3 oozes (D:14)
  A leopard gecko (D:8)
  13 orcs
  A giant cockroach (D:8)
  2 jackals (D:7)
  A kobold (D:14)
  A quokka zombie (D:7)
296 creatures vanquished.

Vanquished Creatures (others)
  3 orc knights
  10 orc warriors (Orc:2)
  A centaur (Orc:2)
  An orc priest (D:3)
  3 orc wizards
  20 orcs
  A kobold (D:12)
  A fire vortex (Volcano)
  54 fungi
  76 plants
170 creatures vanquished.

Grand Total: 900 creatures vanquished
